 Dungeon Sprint DCSS version 0.30.1-9-gdf580d7c3d (webtiles) character file.

Game seed: 17350783315102069729

153 Heoruswealwe the Spear-Bearer (level 5, -1/52 HPs)
             Began as a Minotaur Fighter on Oct 12, 2023.
             Slain by an ogre
             ... wielding a +0 giant club
              (15 damage)
             ... in the Dungeon (Sprint IX: "|||||||||||||||||||||||||||||").
             The game lasted 00:00:24 (40 turns).

Heoruswealwe the Spear-Bearer (Minotaur Fighter)      Turns: 40, Time: 00:00:24

Health: -1/52      AC:  7    Str: 22    XL:     5   Next: 12%
Magic:  4/4        EV:  9    Int:  5    God:
Gold:   0          SH:  4    Dex: 10    Spells: 4/4 levels left

rFire   . . .        a - +0 trident
rCold   . . .        d - +0 buckler
rNeg    . . .        c - +0 scale mail
rPois   .            (helmet restricted)
rElec   .            (no cloak)
rCorr   .            (no gloves)
SInv    .            (no boots)
Will    .....        (no amulet) Stlth
                     (no ring)
HPRegen 0.28/turn    (no ring)
MPRegen 0.09/turn

%: no teleportation
@: lethally poisoned (-1 -> -4)
A: horns 2, retaliatory headbutt
a: no special abilities


You were in the Dungeon.
You visited 1 branch

Inventory:

Hand Weapons
 a - a +0 trident (weapon)
Armour
 c - a +0 scale mail (worn)
 d - a +0 buckler (worn)
Scrolls
 j - a scroll of blinking
Potions
 b - a potion of might
 e - a potion of curing
 f - a potion of heal wounds
 g - a potion of haste
 i - a potion of berserk rage


   Skills:
 + Level 7.2 Fighting
 * Level 9.1 Polearms
 + Level 7.1 Armour
 - Level 3.6 Shields


You had 4 spell levels left.
You didn't know any spells.
Your spell library was empty.

Dungeon Overview and Level Annotations

Branches:
Dungeon (1/1)

Altars:


Innate Abilities, Weirdness & Mutations

You have a pair of horns on your head.
You reflexively headbutt those who attack you in melee.


Message History

Your experience leads to an increase in your attributes!
Increase (S)trength, (I)ntelligence, or (D)exterity?
You feel stronger. x2
You have reached level 4!
You feel agile.
You puncture the scorpion!
The scorpion is severely wounded.
The scorpion stings you but does no damage.
You hit the scorpion but do no damage.
You headbutt the scorpion, but do no damage.
The scorpion is severely wounded.
The scorpion stings you.
You are poisoned.
The scorpion poisons you!
You barely miss the scorpion.
The scorpion is severely wounded.
You feel very sick. The scorpion closely misses you. You furiously retaliate!
You headbutt the scorpion!
You kill the scorpion!
Your Fighting skill increases to level 7!
Your Polearms skill gained 2 levels and is now at level 9!
Your Armour skill increases to level 7!
You have reached level 5!
You barely miss the ogre. You headbutt the ogre.
The ogre is lightly wounded.
You feel sick. The ogre hits you with a +0 giant club!
You hit the ogre.
The ogre is lightly wounded.
You feel sick.
You closely miss the ogre.
The ogre is lightly wounded.
You feel sick. The ogre barely misses you.
You hit the ogre but do no damage.
The ogre is lightly wounded.
You feel sick.
You hit the ogre.
The ogre is moderately wounded.
You feel sick. The ogre hits you with a +0 giant club!
You die...

▓.▓
▓!▓
▓.▓
▓†▓
▓.▓
▓.▓
▓.▓
▓.▓
▓@▓
▓O▓
▓g▓
▓h▓
▓.▓
▓.▓
▓.▓
▓+▓


You could see an ogre, a hound and a gnoll.

Vanquished Creatures
  An ice beast (D)
  A scorpion (D)
  A ball python (D)
  An endoplasm (D)
  A giant cockroach (D)
  A hobgoblin (D)
  A bat (D)
7 creatures vanquished.

Notes
Turn   | Place    | Note
-------+----------+-------------------------------------------
     0 | D        | Heoruswealwe the Minotaur Fighter began the quest for the
                  | Orb.
     0 | D        | Reached XP level 1. HP: 19/19 MP: 0/0
     7 | D        | Reached skill level 3 in Polearms
    22 | D        | Noticed an ice beast
    22 | D        | Noticed a scorpion
    22 | D        | Noticed an ogre
    22 | D        | Noticed a hound
    32 | D        | Killed an ice beast
    33 | D        | Reached skill level 7 in Polearms
    33 | D        | Reached XP level 2. HP: 20/31 MP: 1/1
    33 | D        | Reached XP level 3. HP: 25/38 MP: 2/2
    33 | D        | Reached XP level 4. HP: 29/45 MP: 3/3
    35 | D        | Killed a scorpion
    36 | D        | Reached skill level 9 in Polearms
    36 | D        | Reached XP level 5. HP: 29/52 MP: 4/4
    40 | D        | Slain by an ogre

Illustrated notes

Levels and vault maps discovered:
D:        linesprint [early_d, line_temple, items_1, d_10, items_2, lair_1,
          lair_end, items_3, orc_1, orc_end, items_4, d_15, swamp_1, shoals_1,
          snake_1, spider_1, d_20, vaults_1, items_5, swamp_end, shoals_end,
          snake_end, spider_end, vaults_end, d_27, items_6, zot_1, zot_end,
          crypt_end, forest_end, elf_end, slime_end, tomb_end, abyss_end,
          pan_hell_end]

Skill      XL: |  1  2  3  4 |
---------------+-------------+-----
Polearms       | 7 9 |  9.1
Fighting       | 6 7 |  7.2
Armour         | 6 7 |  7.1
Shields        | |  3.6

Action                     |  1- 3 |  4- 6 || total
---------------------------+-------+-------++-------
  Melee: Trident           |    21 |     8 ||    29
         Headbutt          |     2 |     2 ||     4
 Armour: Scale mail        |    14 |     1 ||    15
  Dodge: Dodged            |     6 |     2 ||     8
  Block: Buckler           |     3 |       ||     3
